[Event "Fast Chess"]
[Site "ChessKid.com"]
[Date "2020.04.17"]
[Round "2"]
[White "Hlinka, Patrick"]
[Black "Li, Patrick"]
[Result "0-1"]
[ECO "C24"]
[WhiteElo "1122"]
[BlackElo "1075"]
[PlyCount "126"]
[EventDate "2020.??.??"]
[TimeControl "300"]
[WhiteClock "0:00:02"]
[BlackClock "0:00:01"]

1. e4 e5 2. Bc4 Nf6 3. d3 Nc6 4. Bg5 h6 5. Bxf6 Qxf6 6. Qf3 Qxf3 7. Nxf3 Nd4 8. Nxd4 exd4 9. c3 dxc3 10. bxc3 d6 11. d4 Bg4 12. e5 dxe5 13. dxe5 Bc5 14. O-O Be2 15. Re1 Bxc4 16. Re4 Bd5 17. Re2 Bc4 18. Re1 Bd4 19. cxd4 Rd8 20. Nd2 Bd3 21. e6 fxe6 22. Rxe6+ Kf7 23. d5 Rxd5 24. Re3 Bh7 25. Ne4 Rb5 26. Rb3 Rd5 27. Nc3 Rd3 28. Nd1 Bf5 29. g4 Rxb3 30. axb3 Bxg4 31. Ne3 Bf3 32. Rc1 Rc8 33. Rc3 Re8 34. Nf5 Re5 35. Rxf3 g6 36. Nd4+ Kg7 37. Kg2 Rd5 38. Ne6+ Kh7 39. Nxc7 Rg5+ 40. Kf1 Rc5 41. Ne6 Rc1+ 42. Ke2 Rc2+ 43. Kd3 Rb2 44. Kc4 Ra2 45. Nc5 Rc2+ 46. Kd4 Rd2+ 47. Nd3 Ra2 48. Rf7+ Kg8 49. Rxb7 Rd2 50. Rb8+ Kg7 51. Kc5 Rxd3 52. Rc8 Rc3+ 53. Kb4 Rxc8 54. Ka3 Re8 55. Ka4 Re7 56. Kb5 Re2 57. Kc4 Rxf2 58. Kb4 Rxh2 59. Kc5 Rb2 60. Kc6 Rxb3 61. Kd7 a5 62. Kd8 a4 63. Kc7 a3 {[%emt 0:00:00] WideClassyQuiz won on time} 0-1

[Event "Fast Chess"]
[Site "ChessKid.com"]
[Date "2020.04.17"]
[Round "3"]
[White "Halimi, Dorian"]
[Black "Li, Tobias"]
[Result "0-1"]
[ECO "C01"]
[WhiteElo "1089"]
[BlackElo "1321"]
[PlyCount "48"]
[EventDate "2020.??.??"]
[TimeControl "300"]
[WhiteClock "0:03:53"]
[BlackClock "0:03:24"]

1. e3 e5 2. Nf3 Nc6 3. Nc3 Nf6 4. d4 exd4 5. exd4 d5 6. Qe2+ Be7 7. Bg5 O-O 8. Bxf6 Bxf6 9. g3 Bg4 10. Bg2 Nxd4 11. Qe3 Nxc2+ 12. Kd1 Nxe3+ 13. Ke1 Nc2+ 14. Kd2 Nxa1 15. Re1 Bxf3 16. Bxf3 Bxc3+ 17. bxc3 Re8 18. Rxa1 Qg5+ 19. Kc2 Qf5+ 20. Kd2 Qxf3 21. Rb1 Re2+ 22. Kd1 Rxf2+ 23. Ke1 Rxa2 24. Rxb7 Qh1# {[%emt 0:00:00] OnlyHungryKiwi won by checkmate} 0-1

[Event "Fast Chess"]
[Site "ChessKid.com"]
[Date "2020.04.17"]
[Round "3"]
[White "Georgiev, Maximilian"]
[Black "Li, Patrick"]
[Result "1-0"]
[ECO "C65"]
[WhiteElo "1333"]
[BlackElo "1072"]
[PlyCount "41"]
[EventDate "2020.??.??"]
[TimeControl "300"]
[WhiteClock "0:02:54"]
[BlackClock "0:03:53"]

1. e4 e5 2. Nf3 Nc6 3. Bb5 Bc5 4. d3 Nf6 5. h3 O-O 6. O-O h6 7. Bxc6 dxc6 8. Nxe5 Qd4 9. Nf3 Qb4 10. c3 Qb6 11. b4 Bd6 12. Be3 Qa6 13.
Nbd2 Qb5 14. Nc4 Be7 15. a4 Qh5 16. e5 Qg6 17. exf6 Bxh3 18. Nh4 Qg5 19. Bxg5 hxg5 20. fxe7 Be6 21. exf8=Q+ {
[%emt 0:00:02] TallSnazzyBall won by resignation} 1-0

[Event "Fast Chess"]
[Site "ChessKid.com"]
[Date "2020.04.18"]
[Round "1"]
[White "Georgiev, Maximilian"]
[Black "Sasse, Gabriel"]
[Result "1-0"]
[ECO "C50"]
[WhiteElo "1379"]
[BlackElo "1307"]
[PlyCount "113"]
[EventDate "2020.??.??"]
[TimeControl "900"]
[WhiteClock "0:11:31"]
[BlackClock "0:12:00"]

1. e4 e5 2. Nf3 Nc6 3. Bc4 Bc5 4. O-O h6 5. d3 Nf6 6. Nc3 O-O 7. Bb5 d6 8. a3 Ne8 9. b4 Bd4 10. Bb2 Bxc3 11. Bxc3 Qf6 12. a4 Qg6 13. Nh4 Qg5 14. g3 Qd8 15. a5 a6 16. Bc4 Nd4 17. Bxd4 exd4 18. Qd2 Nf6 19. Nf5 Bxf5 20. exf5 Ne8 21. Qf4 c5 22. bxc5 dxc5 23. Rab1 Qd6 24. Qxd6 Nxd6 25. Bd5 Rab8 26. Rb2 Nxf5 27. Rxb7 Rxb7 28. Bxb7 Nd6 29. Bxa6 Ra8 30. Bc4 Rxa5 31. Bd5 c4 32. dxc4 Nxc4 33. Bxc4 Rc5 34. Bd3 f6 35. Re1 Kf7 36. Re4 Rd5 37. Bc4 Kg6 38. Bxd5 Kf5 39. Rxd4 Ke5 40. Rd1 g5 41. c4 Kd6 42. Rc1 Kc5 43. f4 gxf4 44. gxf4 Kd4 45. c5 Ke3 46. c6 Kxf4 47. c7 Ke3 48. c8=Q Kd4 49. Qc4+ Ke5 50. Re1+ Kd6 51. Bh1 f5 52. Qd3+ Kc5 53. Rc1+ Kb4 54. Qd8 Kb3 55. Qb8+ Ka2 56. Rc7 Ka3 57. Ra7# {[%emt 0:00:01] TallSnazzyBall
won by checkmate} 1-0

[Event "Fast Chess"]
[Site "ChessKid.com"]
[Date "2020.04.18"]
[Round "1"]
[White "Dai, Lana"]
[Black "Horvath, Alexander"]
[Result "0-1"]
[ECO "C42"]
[WhiteElo "1253"]
[BlackElo "1338"]
[PlyCount "30"]
[EventDate "2020.??.??"]
[TimeControl "900"]
[WhiteClock "0:12:47"]
[BlackClock "0:12:24"]

1. e4 e5 2. Nf3 Nf6 3. Bc4 Nxe4 4. Qe2 Nf6 5. Nxe5 Be7 6.
Qd1 d5 7. Bb3 Bd6 8. d4 Bxe5 9. dxe5 Ne4 10. f3 Qh4+ 11. g3 Nxg3 12. Bxd5 Nxh1+ 13. Ke2 Qf2+ 14. Kd3 Qxh2 15. f4 Nf2+ {[%emt 0:00:12]
KeenOrangeTeeth won by resignation} 0-1

[Event "Fast Chess"]
[Site "ChessKid.com"]
[Date "2020.04.18"]
[Round "2"]
[White "Horvath, Alexander"]
[Black "Georgiev, Maximilian"]
[Result "0-1"]
[ECO "C20"]
[WhiteElo "1328"]
[BlackElo "1386"]
[PlyCount "38"]
[EventDate "2020.??.??"]
[TimeControl "900"]
[WhiteClock "0:14:08"]
[BlackClock "0:13:14"]

1. e4 e5 2. Qh5 Nc6 3. Bc4 g6 4. Qf3 Nf6 5. d3 Bg7 6. Bg5 O-O 7. Bxf6 Bxf6 8. Nc3 Bg7 9. Bd5 Nd4 10. Qe3 Nxc2+ 11. Kd1 Nxe3+ 12. fxe3 Qg5 13. Nf3 Qxg2 14. Re1 Qxf3+ 15. Kc2 Qf6 16. Nb5 c6 17. Bxc6 dxc6 18. Nc7 Rb8 19. Rf1 Qd6
{[%emt 0:00:04] TallSnazzyBall won by resignation} 0-1

[Event "Fast Chess"]
[Site "ChessKid.com"]
[Date "2020.04.18"]
[Round "2"]
[White "Sasse, Gabriel"]
[Black "Dai, Lana"]
[Result "0-1"]
[ECO "C50"]
[WhiteElo "1298"]
[BlackElo "1263"]
[PlyCount "80"]
[EventDate "2020.??.??"]
[TimeControl "900"]
[WhiteClock "0:09:07"]
[BlackClock "0:11:59"]

1. e4 e5 2. Nf3 Nc6 3. Bc4 h6 4. Nc3 Nf6 5. h3 Bc5 6. O-O d6 7. d3 O-O 8. Nd5 Nxd5 9. exd5 Nd4 10. Nxd4 Bxd4 11. Qf3 Bd7 12. Qg3 b5 13. Bxh6 Qf6 14. Bg5 Qg6 15. Be7 Qxg3 16. Bxf8 Qg5 17. c3 bxc4 18. cxd4 Kxf8 19. dxc4 exd4 20. Rad1 Qf4 21. g4 Ba4 22. Rde1 Bc2 23. Re2 Be4 24. Rfe1 Bd3 25. Re7 Rc8 26. b3 Qf3 27. b4 Qxh3 28. b5 Qxg4+ 29. Kh2 Qf4+ 30. Kh1 Qxf2 31. c5 dxc5 32. d6 cxd6 33. b6 axb6 34. a4 Qf3+ 35. Kh2 Bf5 36. a5 Qh3+ 37. Kg1 bxa5 38. R7e2 Qg3+ 39. Kf1 Bh3+ 40. Rg2 Qxg2# {[%emt 0:00:03] TopBrownCave
won by checkmate} 0-1

[Event "Fast Chess"]
[Site "ChessKid.com"]
[Date "2020.04.18"]
[Round "3"]
[White "Georgiev, Maximilian"]
[Black "Dai, Lana"]
[Result "0-1"]
[ECO "C50"]
[WhiteElo "1376"]
[BlackElo "1274"]
[PlyCount "124"]
[EventDate "2020.??.??"]
[TimeControl "900"]
[WhiteClock "0:05:55"]
[BlackClock "0:10:52"]

1. e4 e5 2. Nf3 Nc6 3. Bc4 h6 4. O-O Nf6 5. Nc3 Bc5 6. h3 d6 7. a3 a6 8. d3 O-O 9. Be3 Bxe3 10. fxe3 b5 11. Ba2 b4 12. Nd5 bxa3 13.
bxa3 Nxd5 14. Bxd5 Bd7 15. Bxc6 Bxc6 16. Re1 a5 17. d4 exd4 18. exd4 d5 19. exd5 Bxd5 20. Rf1 a4 21. c3 Bc4 22. Re1 Bd5 23. Ne5 Bb7 24. Nf3 Bxf3 25. Qxf3 Qd6 26. Kh1 Rae8 27. Rxe8 Rxe8 28. Kg1 Qd7 29. Kh1 Qd6 30. Rf1 Rf8 31. Ra1 Qe6 32. Re1 Qxe1+ 33. Kh2 Qe6 34. Qb7 Qd6+ 35. Kh1 Re8 36. Kg1 Re1+ 37. Kf2 Ra1 38. Qa8+ Kh7 39. Qxa4 Qf4+ 40. Ke2 Ra2+ 41. Kd3 Qg3+ 42. Kc4 Qf2 43. Qb3 Qf1+ 44. Kc5 Qf5+ 45. Kc4 Qe6+ 46. d5 Qe4+ 47. Kc5 Qe7+ 48. Kd4 Qxa3 49. Qb7 Qa4+ 50. Kd3 Qc2+ 51. Kd4 Ra4+ 52. c4 Qxc4+ 53. Ke5 f6+ 54. Ke6 Ra6+ 55. Ke7 Qe4+ 56. Kd7 Rb6 57. Qxc7 Qxd5+ 58. Ke7 Qe6+ 59. Kf8 Qg8+ 60. Ke7 Re6+ 61. Kd7 Qf7+ 62. Kc8 Re8+ {[%emt 0:
00:18] TopBrownCave won by resignation} 0-1

[Event "Fast Chess"]
[Site "ChessKid.com"]
[Date "2020.04.18"]
[Round "3"]
[White "Sasse, Gabriel"]
[Black "Horvath, Alexander"]
[Result "0-1"]
[ECO "C24"]
[WhiteElo "1291"]
[BlackElo "1339"]
[PlyCount "30"]
[EventDate "2020.??.??"]
[TimeControl "900"]
[WhiteClock "0:13:01"]
[BlackClock "0:14:09"]

1. e4 e5 2. Nf3 Nf6 3. Bc4 Nxe4 4. d4 exd4 5. Qxd4 Qe7 6.
O-O c5 7. Qd3 Nc6 8. Re1 Qf6 9. Rxe4+ Be7 10. Rf4 Qd6 11. Bxf7+ Kd8 12. Qxd6 Bxd6 13. Re4 Rf8 14. Bd5 Nb4 15. Na3 Nxd5 {[%emt 0:00:05]
KeenOrangeTeeth won by resignation} 0-1

[Event "Fast Chess"]
[Site "ChessKid.com"]
[Date "2020.04.19"]
[Round "1"]
[White "Dai, Lana"]
[Black "Georgiev, Maximilian"]
[Result "0-1"]
[ECO "B01"]
[WhiteElo "1272"]
[BlackElo "1350"]
[Annotator "Turmendspiel mit 2 gg 3 Bauern"]
[PlyCount "70"]
[EventDate "2020.??.??"]
[TimeControl "180"]
[WhiteClock "0:01:37"]
[BlackClock "0:00:01"]

1. e4 d5 2. exd5 Qxd5 3. Nc3 Qd8 4. Nf3 Nf6 5. Bc4 e6 6. a3 Be7 7. h3 O-O 8. d3 h6 9. Ne5 a6 10. O-O Bd7 11. Bf4 Nc6 12. Nxd7 Qxd7 13. Ne4 Nxe4 14. dxe4 Qxd1 15. Raxd1 Rad8 16. Rxd8 Rxd8 17. Bxc7 Rd2 18. Bb3 Rd7 19. Bb6 Nd4 20. Bxd4 Rxd4 21. e5 Re4 22. f4 g5 23. fxg5 Bxg5 24. c4 Rxe5 25. Ba4 b5 26. cxb5 axb5 27. Bb3 Be3+ 28. Kh1 Rg5 29. a4 bxa4 30. Bxa4 Ra5 31. Bd7 Rd5 32. Bc6 Rc5 33. Bb7 Rb5 34. Re1 Rxb7 35. Rxe3 Rxb2 {[%emt 0:00:01]
TallSnazzyBall won on time} 0-1

[Event "Fast Chess"]
[Site "ChessKid.com"]
[Date "2020.04.19"]
[Round "1"]
[White "Li, Tobias"]
[Black "Sasse, Gabriel"]
[Result "1-0"]
[ECO "C50"]
[WhiteElo "1331"]
[BlackElo "1258"]
[PlyCount "107"]
[EventDate "2020.??.??"]
[TimeControl "180"]
[WhiteClock "0:00:02"]
[BlackClock "0:00:09"]

1. e4 e5 2. Nf3 Nc6 3. Nc3 Bc5 4. Bc4 h6 5. O-O Nf6 6. h3 O-O 7. d3 d6 8. a3 a6 9. b4 b5 10. bxc5 bxc4 11. cxd6 Qxd6 12. dxc4 Qxd1 13. Rxd1 Be6 14. c5 Rfd8 15. Rxd8+ Rxd8 16. Be3 Rd7 17. Rb1 Ne8 18. Rd1 Rxd1+ 19. Nxd1 Nf6 20. Nc3 Na5 21. a4 Nc4 22. Bc1 c6 23. Kf1 Na5 24. Ke2 Nb7 25. Ba3 Bc4+ 26. Ke3 Be6 27. Nxe5 Bc8 28. Kd4 Nd8 29. f4 Ne6+ 30. Ke3 Bb7 31. f5 Nd8 32. Nc4 g6 33.
fxg6 fxg6 34. Kf4 g5+ 35. Kf5 Ne8 36. e5 Ng7+ 37. Kf6 Kf8 38.
Nd6 Nde6 39. Nxb7 Nd4 40. Bb2 Nxc2 41. Ne4 Ne3 42. Kg6 Nef5 43. Kf6 h5 44. e6 Nxe6 45. Nxg5 Nf4 46. Kxf5 Ke8 47. Kxf4 Kd7 48. g4 Kc7 49. gxh5 Kxb7 50. h6 Kc7 51. h7 Kd7 52. h8=Q Kc7 53. Qf6 Kd7 54. Qe7+ {[%emt 0:00:00]
OnlyHungryKiwi won on time} 1-0

[Event "Fast Chess"]
[Site "ChessKid.com"]
[Date "2020.04.19"]
[Round "2"]
[White "Georgiev, Maximilian"]
[Black "Li, Patrick"]
[Result "1-0"]
[ECO "C50"]
[WhiteElo "1353"]
[BlackElo "1077"]
[Annotator "Turmendspiel, Abtauschkombi"]
[PlyCount "115"]
[EventDate "2020.??.??"]
[TimeControl "180"]
[WhiteClock "0:00:15"]
[BlackClock "0:00:35"]

1. e4 e5 2. Nf3 Nc6 3. Bc4 h6 4. O-O Nf6 5. Nc3 Bc5 6. h3 O-O 7. d3 d6 8. a3 a6 9. b4 b5 10. bxc5 bxc4 11. dxc4 dxc5 12. Qxd8 Rxd8 13.
Na4 Nd4 14. Nxd4 Rxd4 15. Nxc5 Rxc4 16. Be3 Be6 17. Nb3 Rxe4 18. Nc5 Rc4 19. Nxe6 fxe6 20. Rac1 Rb8 21. Kh2 Rb2 22. c3 Rb3 23. Ba7 Rbxc3 24. Rxc3 Rxc3 25. Ra1 Rc2 26. a4 Ne4 27. Be3 Nxf2 28. Bxf2 Rxf2 29. Kg3 Rd2 30. a5 e4 31. Re1 Rd3+ 32. Kf4 e3 33. Rxe3 Rd4+ 34. Kf3 Ra4 35. Rxe6 Rxa5 36. Ke3 Ra3+ 37. Kd4 Ra4+ 38. Kc3 Ra3+ 39. Kb4 Ra1 40. Kb3 Rb1+ 41. Ka2 Rb7 42. Rxa6 Rb8 43. Rc6 Ra8+ 44. Kb3 Rb8+ 45. Kc4 Ra8 46. Rxc7 Ra1 47. Rc8+ Kh7 48. g3 Rg1 49. g4 Rh1 50. Kd5 Rxh3 51. Rc6 Rg3 52. Rc4 Rxg4 53. Rxg4 h5 54. Rh4 Kh6 55. Ke5 Kh7 56. Rxh5+ Kg8 57. Ke6 Kf8 58. Rh8# {[%emt 0:00:03] TallSnazzyBall won by checkmate} 1-0

[Event "Fast Chess"]
[Site "ChessKid.com"]
[Date "2020.04.19"]
[Round "2"]
[White "Dai, Lana"]
[Black "Li, Tobias"]
[Result "0-1"]
[ECO "C50"]
[WhiteElo "1266"]
[BlackElo "1338"]
[PlyCount "76"]
[EventDate "2020.??.??"]
[TimeControl "180"]
[WhiteClock "0:00:47"]
[BlackClock "0:00:02"]

1. e4 e5 2. Nf3 Nc6 3. Nc3 Bc5 4. a3 Nf6 5. Bc4 O-O 6. h3 h6 7. d3 d6 8. O-O a6 9. Nd5 Nxd5 10. Bxd5 Bd7 11. Bxc6 Bxc6 12. c4 b5 13. cxb5 axb5 14. Bd2 Re8 15. Bc3 Bb6 16. d4 exd4 17. Nxd4 Rxe4 $4 18. Nxc6 Qd7 19. Nb4 Ba5 20. f3 Rf4 21. Bd2 Rd4 22. Qe2 Bxb4 23. Bxb4 Ra4 24. Bc3 Rf4 25. Bd2 Rfd4 26. Bc3 Rf4 27. Bd2 Rf6 28. Bc3 Re6 29. Qd2 Re8 30. Qd3 Qe6 31. Qxb5 Raa8 32. Qc6 Qe3+ 33. Kh1 Qa7 34. Qd7 Qb7 35. Qf5 Re6 36. Qd3 Qb6 37. Qc4 Qc5 38. Qxc5 dxc5 {[%emt 0:00:01] OnlyHungryKiwi
won on time} 0-1

[Event "Fast Chess"]
[Site "ChessKid.com"]
[Date "2020.04.19"]
[Round "3"]
[White "Li, Tobias"]
[Black "Georgiev, Maximilian"]
[Result "1-0"]
[ECO "B01"]
[WhiteElo "1347"]
[BlackElo "1345"]
[Annotator "Turmendspiel"]
[PlyCount "113"]
[EventDate "2020.??.??"]
[TimeControl "180"]
[BlackClock "0:00:02"]

1. e4 d5 2. Nf3 dxe4 3. Ng5 Nf6 4. Nc3 Bf5 5. d3 exd3 6.
Bxd3 Bxd3 7. Qxd3 e6 8. Qxd8+ Kxd8 9. O-O Ke7 10. Bf4 Na6 11. Nf3 Ke8 12. Nb5 Be7 13. Nxc7+ Nxc7 14. Bxc7 Rc8 15. Be5 Rxc2 16. Bd4 Rc4 17. Bxa7 Rb4 18. Bd4 Kd7 19. Rfd1 Kc7 20. Rdc1+ Kb8 21. Be5+ Ka7 22. Bc3 Rf4 23. Be5 Rf5 24. Bd4+ Kb8 25. Be5+ Ka8 26. Rc7 Bb4 27. Bxf6 Rxf6 28. Rc4 Bd6 29. Rd4 Bc7 30. Rc4 Kb8 31. Rac1 Bb6 32. Rb4 Ba5 33. Ra4 Bb6 34. Rb4 Ba7 35. h3 h6 36. Rbc4 g5 37. h4 gxh4 38. Nxh4 Bxf2+ 39. Kh1 Bxh4 40. Rxh4 h5 41. Rhc4 Rf2 42. Rc7 Rxb2 43. Rxf7 Rxa2 44. Re7 Ra6 45. Re1 Rh6 46. Re8+ Kc7 47. Re7+ Kd8 48. Rf7 Ke8 49. Rff1 h4 50. Ra1 Rxa1 51. Rxa1 h3 52. gxh3 Rxh3+ 53. Kg2 Rh6 54. Ra7 Rh7 55. Kf3 e5 56. Ke4 Kd8 57. Kxe5 {[%emt 0:00:02]
OnlyHungryKiwi won on time} 1-0

[Event "Fast Chess"]
[Site "ChessKid.com"]
[Date "2020.04.19"]
[Round "3"]
[White "Sasse, Gabriel"]
[Black "Li, Patrick"]
[Result "1-0"]
[ECO "C50"]
[WhiteElo "1262"]
[BlackElo "1073"]
[PlyCount "61"]
[EventDate "2020.??.??"]
[TimeControl "180"]
[WhiteClock "0:00:32"]
[BlackClock "0:01:29"]

1. e4 e5 2. Nf3 Nc6 3. Bc4 h6 4. h3 Nf6 5. Nc3 Bc5 6. a3 Nd4 7. Nxd4 Bxd4 8. O-O b6 9. Nd5 Nxe4 10. c3 Bc5 11. Qe2 Nd6 12. Qxe5+ Kf8 13. d4 Nxc4 14. Qe4 Nd6 15. Qf4 g5 16. Qf6 Qxf6 17. Nxf6 Ke7 18. dxc5 Kxf6 19. cxd6 cxd6 20. c4 Re8 21. b3 Re6 22. Bb2+ Re5 23.
Bxe5+ dxe5 24. Rfe1 Bb7 25. Ra2 Bc6 26. Rae2 d6 27. b4 Ba4 28. c5 Bb5 29. Re3 dxc5 30. bxc5 bxc5 31. Rxe5 {
[%emt 0:00:01] LimeFarActor won by resignation} 1-0

[Event "Fast Chess"]
[Site "ChessKid.com"]
[Date "2020.04.20"]
[Round "1"]
[White "Georgiev, Maximilian"]
[Black "Sasse, Gabriel"]
[Result "1-0"]
[ECO "C50"]
[WhiteElo "1357"]
[BlackElo "1247"]
[Annotator "Abtauschkombination"]
[PlyCount "95"]
[EventDate "2020.??.??"]
[TimeControl "600"]
[WhiteClock "0:06:43"]
[BlackClock "0:07:22"]

1. e4 e5 2. Nf3 Nc6 3. Bc4 Bc5 4. O-O h6 5. h3 Nf6 6. Nc3 O-O 7. a3 d6 8. d3 Ne8 9. b4 Bd4 10. Nxd4 exd4 11. Ne2 Qf6 12. Ng3 a6 13. Bd5 Bd7 14. Ba2 b5 15. Bb3 Qd8 16. a4 bxa4 17. Bxa4 Nxb4 18. Bxd7 Qxd7 19. Bd2 Nc6 20. Re1 Nf6 21. Bf4 d5 22. exd5 Nxd5 23.
Bc1 Nc3 24. Qd2 Rfe8 25. Rxe8+ Rxe8 26. Bb2 Ne5 27. Bxc3 dxc3 28. Qxc3 Ng6 29. Nh5 f6 30. Ng3 (30. Qxf6 gxf6 31. Nxf6+ Kg7 32.
Nxd7) 30... Nf4 31. Qc4+ Re6 32. Qxf4 Qc6 33. Rc1 g5 34. Qf5 Re5 35. Qg4 Rc5 36. Qc8+ Kg7 37.
Nh5+ Kg6 38. Ng3 Rxc2 39. Rxc2 Qxc2 40. Qf5+ Kf7 41. Kh2 a5 42. Qxa5 c6 43. Qc7+ Kg6 44. Qd6 c5 45. Ne4 c4 46. Qxf6+ Kh5 47. g4+ Kh4 48. Qxh6# {[%emt 0:00:01]
TallSnazzyBall won by checkmate} 1-0

[Event "Fast Chess"]
[Site "ChessKid.com"]
[Date "2020.04.20"]
[Round "1"]
[White "Halimi, Dorian"]
[Black "Li, Tobias"]
[Result "0-1"]
[ECO "A00"]
[WhiteElo "1126"]
[BlackElo "1351"]
[Annotator "Doppelangriff, Springergabel"]
[PlyCount "48"]
[EventDate "2020.??.??"]
[TimeControl "600"]
[WhiteClock "0:07:40"]
[BlackClock "0:08:06"]

1. e3 e5 2. Qh5 Nc6 3. Bc4 g6 4. Qf3 Nf6 5. Nh3 Bh6 6. Nc3 d6 7. Nd5 Nxd5 8. Bxd5 O-O 9. e4 Nd4 10. Qc3 Be6 11. Bxe6 Nxe6 12. O-O Nd4 13. d3 Ne2+ 14. Kh1 Nxc3 15. Bxh6 Re8 16. Bg5 Qd7 17. bxc3 Qc6 18. Rfb1 Qxc3 19. Rxb7 Qxa1+ 20. Ng1 Rab8 21. Rxc7 Rb1 22. h3 Rxg1+ 23. Kh2 Qf1 24. h4 Qxg2# {[%emt 0:00:02] OnlyHungryKiwi won by checkmate} 0-1

[Event "Fast Chess"]
[Site "ChessKid.com"]
[Date "2020.04.20"]
[Round "1"]
[White "Dai, Lana"]
[Black "Li, Patrick"]
[Result "1-0"]
[ECO "C50"]
[WhiteElo "1258"]
[BlackElo "1065"]
[Annotator "Doppelangriff, Springergabel"]
[PlyCount "36"]
[EventDate "2020.??.??"]
[TimeControl "600"]
[WhiteClock "0:08:36"]
[BlackClock "0:08:05"]

1. e4 e5 2. Nf3 Nc6 3. Nc3 Nf6 4. Bc4 h6 5. d3 Bc5 6. a3 Ng4 7. O-O Nxf2 8. Rxf2 Bxf2+ 9. Kxf2 O-O 10. Kg1 Qe7 11. Nd5 Qc5+ 12. Be3 Qd6 13. b4 Qg6 14. Bb5 d6 15. Bxc6 bxc6 16. Ne7+ Kh7 17. Nxg6 Kxg6 18. Nh4+ Kf6 {[%emt 0:00:03] TopBrownCave won by
resignation} 1-0

[Event "Fast Chess"]
[Site "ChessKid.com"]
[Date "2020.04.20"]
[Round "2"]
[White "Dai, Lana"]
[Black "Georgiev, Maximilian"]
[Result "1/2-1/2"]
[ECO "C55"]
[WhiteElo "1260"]
[BlackElo "1355"]
[PlyCount "74"]
[EventDate "2020.??.??"]
[TimeControl "600"]
[WhiteClock "0:06:38"]
[BlackClock "0:04:37"]

1. e4 e5 2. Nf3 Nc6 3. Nc3 Nf6 4. h3 Be7 5. a3 O-O 6. Bc4 h6 7. d3 a6 8. O-O b5 9. Bd5 Nxd5 10. Nxd5 Bf6 11. Nxf6+ Qxf6 12. c4 bxc4 13. dxc4 Qg6 14. Nh4 Qxe4 15. c5 $4 d5 $4 16. Nf3 Qg6 17. Nh4 Qe6 18. Re1 Bb7 19. Bf4 Ne7 20. Rxe5 Qd7 21. Bg3 Bc6 22. Rxe7 Qxe7 23. Nf5 Qxc5 24. Bxc7 Rac8 25. Bd6 Qa7 26. Ne7+ Kh7 27. Nxc8 Rxc8 28. Qd3+ Kg8 29. Rc1 Bd7 30. Rxc8+ Bxc8 31. Qe2
$2 Qb6 $2 32. Qe8+ Kh7 33. Qxc8 Qxd6 34. Qf5+ Kh8 35. Qc8+ Kh7 36. Qf5+ Kg8 37. Qc8+ Kh7 {[%emt 0:00:02] Game drawn by repetition} 1/2-1/2

[Event "Fast Chess"]
[Site "ChessKid.com"]
[Date "2020.04.20"]
[Round "2"]
[White "Li, Tobias"]
[Black "Sasse, Gabriel"]
[Result "1-0"]
[ECO "C50"]
[WhiteElo "1357"]
[BlackElo "1242"]
[Annotator "Pläne schmieden"]
[PlyCount "67"]
[EventDate "2020.??.??"]
[TimeControl "600"]
[WhiteClock "0:07:19"]
[BlackClock "0:06:33"]

1. e4 e5 2. Nf3 Nc6 3. Nc3 Bc5 4. Bc4 h6 5. h3 Nf6 6. O-O Bb6 7. d3 Bd4 8. Bd2 Bxc3 9. Bxc3 O-O 10. Bb3 Qe7 11. a3 a6 12. Re1 d6 13.
Qd2 b5 14. Ba2 a5 15. b4 axb4 16. axb4 Bb7 17. Bb3 Nd4 18. Rxa8 Bxa8 19. Ba2 $2 Nxf3+ 20. gxf3 Nh5 21. Ra1 Qh4 22. Kf1 Qxh3+ 23. Ke2 Nf4+ 24. Ke3 {[%emt 0:00:05]
Schwarz steht besser. Aber es braucht einen Plan, um zu gewinnen} Ng2+ 25. Ke2 c6 26. d4 exd4 27. Qxd4 Nf4+ 28. Ke3 Ne6 29. Qxd6 Qh5 30. Bxe6 Qg5+ 31. Ke2 fxe6 32. Qxe6+ Kh8 33. Qd7 Qh5 $4 34. Qxg7# {[%emt 0:00:
06] OnlyHungryKiwi won by checkmate} 1-0

[Event "Fast Chess"]
[Site "ChessKid.com"]
[Date "2020.04.20"]
[Round "2"]
[White "Li, Patrick"]
[Black "Halimi, Dorian"]
[Result "0-1"]
[ECO "C00"]
[WhiteElo "1059"]
[BlackElo "1133"]
[Annotator "Grundlinienmatt"]
[PlyCount "36"]
[EventDate "2020.??.??"]
[TimeControl "600"]
[WhiteClock "0:08:37"]
[BlackClock "0:08:11"]

1. e4 e6 2. Nf3 Nf6 3. Nc3 Nc6 4. Bb5 Bb4 5. Bxc6 dxc6 6.
Na4 b5 7. Nc3 Bxc3 8. dxc3 Bd7 9. Ne5 O-O 10. Nxd7 Nxd7 11. O-O Rb8 12. Qg4 Ne5 13. Qg3 Qd7 14. Bh6 g6 15. Bxf8 Rxf8 16. Qxe5 Rd8 17. Rfd1 $4 Qxd1+ 18. Rxd1 Rxd1# {[%emt 0:00:01]
FullMagentaEclipse won by checkmate} 0-1

[Event "Fast Chess"]
[Site "ChessKid.com"]
[Date "2020.04.20"]
[Round "3"]
[White "Georgiev, Maximilian"]
[Black "Li, Tobias"]
[Result "1-0"]
[ECO "C50"]
[WhiteElo "1363"]
[BlackElo "1349"]
[PlyCount "33"]
[EventDate "2020.??.??"]
[TimeControl "600"]
[WhiteClock "0:08:20"]
[BlackClock "0:09:06"]

1. e4 e5 2. Nf3 Nc6 3. Bc4 h6 4. O-O Nf6 5. Nc3 Bc5 6. h3 O-O 7. a3 Re8 8. d3 d6 9. b4 b5 10. bxc5 bxc4 11. dxc4 dxc5 12. Qxd8 Rxd8 13. a4 Nb4 14. Ne1 Rd1 15. Bb2 Rxa1 16. Bxa1 Rb8 17. Nd3 {[%emt 0:00:04] TallSnazzyBall
won - game abandoned} 1-0

[Event "Fast Chess"]
[Site "ChessKid.com"]
[Date "2020.04.20"]
[Round "3"]
[White "Halimi, Dorian"]
[Black "Dai, Lana"]
[Result "1/2-1/2"]
[ECO "A00"]
[WhiteElo "1136"]
[BlackElo "1257"]
[Annotator "Dauerschach"]
[PlyCount "63"]
[EventDate "2020.??.??"]
[TimeControl "600"]
[WhiteClock "0:03:54"]
[BlackClock "0:07:30"]

1. e3 e5 2. Qh5 Nc6 3. Bc4 g6 4. Qf3 Nf6 5. Nh3 e4 6. Qf4 Bd6 7. Qg5 h6 8. Qh4 Be5 9. Ng5 d6 10. Nxf7 g5 11. Nxd8 gxh4 12. Nf7 Rh7 13. O-O d5 14. Nxe5 Nxe5 15. Bb3 Bg4 16. d4 Nc6 17. Nc3 O-O-O 18. f4 h3 19. g3 Nh5 20. Bd2 Bf3 21. a4 Nxg3 22. hxg3 h2+ 23. Kxh2 Ne7 24. a5 Nf5 25. Nxd5 Rg7 26. a6 bxa6 27. Rxa6 Rxg3 28. Rf6 Rg2+ 29. Kh3 Rg3+ 30. Kh2 Rg2+ 31. Kh3 Rg3+ 32. Kh2 {[%emt 0:00:02] Game drawn by
repetition} 1/2-1/2

[Event "Fast Chess"]
[Site "ChessKid.com"]
[Date "2020.04.20"]
[Round "3"]
[White "Sasse, Gabriel"]
[Black "Li, Patrick"]
[Result "1-0"]
[ECO "C55"]
[WhiteElo "1246"]
[BlackElo "1055"]
[PlyCount "61"]
[EventDate "2020.??.??"]
[TimeControl "600"]
[WhiteClock "0:05:34"]
[BlackClock "0:08:28"]

1. e4 e5 2. Nf3 Nc6 3. Bc4 Bc5 4. Nc3 Nf6 5. Bb3 O-O 6.
Nxe5 Nxe5 7. d4 Bxd4 8. Qxd4 Nc6 9. Qd1 Re8 10. O-O Nxe4 11.
Nxe4 Rxe4 12. Qh5 Qe7 13. c3 Re1 14. h3 Rxf1+ 15. Kxf1 d6 16. Bc2 h6 17. Qf3 Qf6 18. Qd3 Kf8 19. Qh7 Be6 20. Qh8+ Ke7 21.
Qxa8 Ne5 22. Qxb7 Bd7 23. Qe4 Bf5 24. Qe2 Bxc2 25. Qxc2 g5 26.
Bd2 Nc4 27. Qe4+ Kd7 28. Qxc4 Qxf2+ 29. Kxf2 c5 30. Qa6 d5 31. Qxa7+ {[%emt 0:00:01] LimeFarActor won by resignation} 1-0

[Event "Fast Chess"]
[Site "ChessKid.com"]
[Date "2020.04.21"]
[Round "1"]
[White "Georgiev, Maximilian"]
[Black "Sasse, Gabriel"]
[Result "1-0"]
[ECO "C50"]
[WhiteElo "1379"]
[BlackElo "1245"]
[Annotator "einzügiger Einsteller"]
[PlyCount "45"]
[EventDate "2020.??.??"]
[TimeControl "300+50"]
[WhiteClock "0:05:36"]
[BlackClock "0:05:36"]

1. e4 e5 2. Nf3 Nc6 3. Bc4 Bc5 4. O-O h6 5. Nc3 Nf6 6. d3 O-O 7. Be3 d6 8. Bxc5 dxc5 9. h3 Nd4 10. Nxe5 Qe8 11. Nf3 Nxf3+ 12. Qxf3 b6 13. Nd5 Nxd5 14. Bxd5 Rb8 15. Bb3 Bb7 16. a4 Kh8 17. Rfe1 Qd8 18. a5 bxa5 19. Rxa5 f5 20. Rxc5 fxe4 21. Qd1 exd3 22. Qxd3 Qe7 23. Rxe7 {[%emt 0:00:50] TallSnazzyBall won by resignation} 1-0